 Dungeon Crawl Stone Soup version 0.21.0-3-g78d12a8 (webtiles) character file.

221 letownia2 the Conjurer (level 5, -6/24 HPs)
             Began as a Vine Stalker Wizard on Jan 14, 2018.
             Was an Initiate of Gozag.
             Killed by divine providence
             ... invoked by an orc priest
              (11 damage)
             ... on level 6 of the Dungeon.
             The game lasted 00:07:00 (2448 turns).

letownia2 the Conjurer (Vine Stalker Wizard)        Turns: 2448, Time: 00:07:00

Health: -6/24      AC: 12    Str: 10    XL:     5   Next: 98%
Magic:  0/10       EV:  8    Int: 18    God:    Gozag
Gold:   222        SH:  0    Dex: 13    Spells: 1/10 levels left

rFire    . . .     SeeInvis .   a - +3 dagger (elec)
rCold    . . .     Gourm    .   (no shield)
rNeg     . . .     Faith    .   p - +4 scale mail
rPois    .         Spirit   +   k - +1 hat
rElec    .         Reflect  .   (no cloak)
rCorr    .         Harm     .   q - +0 pair of gloves
MR       .....                  (no boots)
Stlth    +.........             (no amulet)
HPRegen  0.48/turn              (no ring)
MPRegen  0.12/turn              (no ring)

@: very slightly contaminated
A: fangs 2, regeneration 1, magic shield, antimagic bite, no potion heal 3, rot
immunity
a: Potion Petition, Call Merchant, Bribe Branch, Renounce Religion


You were on level 6 of the Dungeon.
You worshipped Gozag.
Gozag was aware of your devotion.
You were not hungry.

You visited 2 branches of the dungeon, and saw 6 of its levels.

You collected 260 gold pieces.
You paid 38 gold pieces to Gozag.

Inventory:

Hand Weapons
 a - a +3 dagger of electrocution (weapon)
 e - a +0 short sword
 i - a +0 blowgun
Missiles
 j - 10 poisoned needles
 l - 7 javelins (quivered)
Armour
 b - a +0 hat
 k - a +1 hat (worn)
 p - a +4 scale mail (worn)
 q - a +0 pair of gloves (worn)
 r - a +0 robe
Scrolls
 h - 4 scrolls of identify
 m - a scroll of remove curse
Potions
 f - 2 potions of degeneration {unknown}
 o - 2 potions of brilliance {unknown}
 s - a potion of haste
Books
 c - a book of Minor Magic

   Spells                             Type                      Level
   a - Magic Dart                     Conjuration                  1
   b - Blink                          Translocation                2
   c - Call Imp                       Summoning                    2
   d - Slow                           Hexes                        2
   e - Conjure Flame                  Conjuration/Fire             3
   f - Mephitic Cloud                 Conjuration/Poison/Air       3
Comestibles
 d - 3 rations


   Skills:
 + Level 0.3 Armour
 - Level 1.5 Dodging
 - Level 2.4 Stealth
 - Level 3.2 Spellcasting
 + Level 3.8 Conjurations
   Level 1.0 Summonings
 + Level 2.0 Translocations
 + Level 1.7 Fire Magic
 + Level 1.6 Air Magic
 + Level 1.7 Poison Magic


You had one spell level left.
You knew the following spells:

 Your Spells              Type           Power        Failure   Level  Hunger
a - Magic Dart            Conj           ###.         22%         1    None
b - Blink                 Tloc           N/A          56%         2    ##.....
c - Conjure Flame         Conj/Fire      ##......     71%         3    ###....
e - Mephitic Cloud        Conj/Pois/Air  ##......     77%         3    ###....


Dungeon Overview and Level Annotations

Branches:
Dungeon (4/15)             Temple (1/1) D:4

Altars:
Ashenzari
Cheibriados
Dithmenos
Elyvilon
Gozag
Hepliaklqana
Kikubaaqudgha
Makhleb
Nemelex Xobeh
Okawaru
Qazlal
Ru
Sif Muna
Trog
Uskayaw
Vehumet
Wu Jian
Xom
Yredelemnul
Zin
The Shining One

Annotations:
D:2 Robin
D:4 exclusion: ogre, Gigax's ghost, amateur OpMo


Innate Abilities, Weirdness & Mutations

You have extremely sharp teeth.
Your natural rate of healing is unusually fast.
When hurt, damage is shared between your health and your magic reserves.
Your bite disrupts and absorbs the magic of your enemies.
Potions cannot restore your health.
You are immune to rotting.


Message History

The orc priest invokes the aid of Beogh against you.
Pain shoots through your body!
* * * LOW HITPOINT WARNING * * *
The orc hits you but does no damage.
You barely miss the crimson imp. You bite the crimson imp.
The crimson imp's magic leaks into the air.
You drain its magic.
You feel invigorated.
The crimson imp is severely wounded.
The bullfrog releases a deep croak.
The bullfrog barely misses you. The orc hits you but does no damage.
The crimson imp blinks!
The orc priest hits you but does no damage.
The orc barely misses you. The bullfrog barely misses you.
The orc hits you with a whip.
* * * LOW HITPOINT WARNING * * *
The bullfrog hits you but does no damage.
The orc priest calls down the wrath of Beogh upon you.
Beogh smites you!
You die...
Your body crumbles into a pile of gold.

....## .
..!...### .#
.........#
.#
............
........#5
.......$.
#.....#
#...o@#
#..§F§#
#..§oo#
#.[§.§#
#.....#
#######


You could see a bullfrog, an orc priest, a crimson imp and 2 orcs.

Vanquished Creatures
  A howler monkey (D:4)
  A worker ant (D:4)
  An orc wizard (D:3)
  4 adders
  An ooze (D:3)
  An adder skeleton (D:4)
  2 worms
  4 dart slugs
  3 leopard geckos
  6 orcs
  2 giant cockroaches (D:3)
  9 goblins
  9 hobgoblins
  9 kobolds
  A quokka (D:4)
  6 bats
  3 frilled lizards
  5 rats
68 creatures vanquished.

Notes
Turn   | Place    | Note
-------+----------+-------------------------------------------
     0 | D:1      | letownia2 the Vine Stalker Wizard began the quest for the Orb.
     0 | D:1      | Reached XP level 1. HP: 9/9 MP: 5/5
   183 | D:1      | Reached XP level 2. HP: 13/13 MP: 5/7
   439 | D:2      | Reached XP level 3. HP: 16/16 MP: 2/8
   449 | D:2      | Noticed Robin
   538 | D:3      | Learned a level 3 spell: Mephitic Cloud
   542 | D:3      | Learned a level 3 spell: Conjure Flame
   821 | D:3      | Gained mutation: Your natural rate of healing is unusually fast. [Vine Stalker growth]
   821 | D:3      | Reached XP level 4. HP: 13/21 MP: 4/9
   864 | D:3      | Learned a level 2 spell: Blink
   962 | D:4      | Noticed Gigax's ghost (amateur OpMo)
  1167 | D:4      | Noticed an ogre
  1302 | D:4      | Reached skill level 1 in Fire Magic
  1302 | D:4      | Reached skill level 1 in Air Magic
  1302 | D:4      | Reached skill level 1 in Poison Magic
  1302 | D:4      | Reached XP level 5. HP: 24/24 MP: 1/10
  1794 | D:4      | Found a staircase to the Ecumenical Temple.
  1877 | Temple   | Entered the Ecumenical Temple
  1925 | Temple   | Became a worshipper of Gozag Ym Sagoz the Greedy
  2435 | D:3      | You fall through a shaft for 3 floors!
  2448 | D:6      | Killed from afar by an orc priest

Skill      XL: |  1  2  3  4  5 |
---------------+----------------+-----
Conjurations   | 2 3 |  3.8
Fire Magic     | 1 |  1.7
Air Magic      | 1 |  1.6
Poison Magic   | 1 |  1.7
Translocations | 2 |  2.0
Armour         | |  0.3
Dodging        | |  1.5
Stealth        | |  2.4
Spellcasting   | |  3.2
Summonings     | |  1.0

Action                   |  1- 3 |  4- 6 || total
-------------------------+-------+-------++-------
Melee: Short sword       |    12 |    17 ||    29
       Bite              |     2 |    16 ||    18
       Dagger            |       |    53 ||    53
 Fire: Blowgun           |     5 |     4 ||     9
 Cast: Magic Dart        |    62 |    70 ||   132
       Mephitic Cloud    |       |     3 ||     3
  Use: Scroll            |       |     6 ||     6
 Stab: Confused          |       |     2 ||     2
  Eat: Chunk             |       |     2 ||     2
       Ration            |       |     1 ||     1
Armor: Robe              |     4 |     4 ||     8
       Scale mail        |       |    41 ||    41
Dodge: Dodged            |    26 |    59 ||    85
